 Dungeon Crawl Stone Soup version 0.29.1-debian-1-gc3f1650bb9 (webtiles) character file.

Game seed: 9435366853930645759

28 ytrimaz the Chopper (level 2, -7/24 HPs)
             Began as a Demonspawn Gladiator on Sept 12, 2022.
             Killed from afar by Terence (12 damage)
             ... with a bolt of dispelling energy
             ... on level 2 of the Dungeon.
             The game lasted 00:01:03 (919 turns).

ytrimaz the Chopper (Demonspawn Gladiator)           Turns: 919, Time: 00:01:04

Health: -7/24      AC:  6    Str: 14    XL:     2   Next: 96%
Magic:  2/2        EV: 12    Int:  9    God:
Gold:   114        SH:  0    Dex: 14    Spells: 1/1 levels left

rFire   + . .      SeeInvis .   a - +0 war axe
rCold   . . .      Faith    .   (no shield)
rNeg    . . .      Spirit   .   b - +0 leather armour
rPois   .          Reflect  .   c - +0 helmet
rElec   .          Harm     .   (no cloak)
rCorr   .          Rampage  .   (no gloves)
Will    .....                   (no boots)
Stlth   +.........              (no amulet)
HPRegen 0.08/turn               h - ring of protection from fire
MPRegen 0.08/turn               (no ring)

@: no status effects
A: molten scales 1
a: no special abilities


You were on level 2 of the Dungeon.
You visited 1 branch of the dungeon, and saw 2 of its levels.

You collected 114 gold pieces.


Innate Abilities, Weirdness & Mutations

You are partially covered in molten scales. (AC +2)


   Skills:
 * Level 3.1 Fighting
 + Level 3.1 Axes
 - Level 1.7 Throwing
 - Level 2.6 Dodging


You had one spell level left.
You didn't know any spells.
Your spell library was empty.

Inventory:

Hand Weapons
 a - a +0 war axe (weapon)
Missiles
 d - a throwing net (quivered)
 e - a javelin
Armour
 b - a +0 leather armour (worn)
 c - a +0 helmet (worn)
Jewellery
 h - a ring of protection from fire (left hand)
   (You found it on level 1 of the Dungeon)
Scrolls
 f - a scroll of teleportation
 i - 3 scrolls of butterflies
Potions
 g - a potion of haste {unknown}

Dungeon Overview and Level Annotations

Branches:
Dungeon (2/15) Zot: 11066

Altars:

Annotations:
D:2 Terence

#.# #.# ###.##
#....#######
#........[..
#....#......
#############......(....
...............>@@....(.
#############.....######
#+#####


You could see Terence (caught).


Message History

You now have 106 gold pieces (gained 10).
Key pressed, stopping explore.
Key pressed, stopping explore.
No target in view!
Found a stone staircase leading up. 😎 HP[+2]
Your hp is fully restored (23).
Key pressed, stopping explore.
No target in view!
Key pressed, stopping explore.
No target in view!
A hobgoblin comes into view.
There is a stone staircase leading up here.
A kobold comes into view. It is wielding a +0 short sword.
The kobold shouts!
There are monsters nearby!
There are monsters nearby!
You hit the kobold.
You kill the kobold!
Your Fighting skill increases to level 3! 😎 HP[+1]
You now have 24 max hp (+1).
Your hp is fully restored (24).
A hobgoblin is nearby!
The hobgoblin closely misses you.
You hit the hobgoblin. The hobgoblin closely misses you.
The hobgoblin hits you but does no damage.
You hit the hobgoblin but do no damage.
The hobgoblin hits you but does no damage.
Unknown command.
You slash the hobgoblin!
You kill the hobgoblin!
A ball python comes into view.
You see here a hobgoblin corpse.
The ball python hisses angrily.
A ball python comes into view.
The ball python hisses angrily.
A ball python is nearby!
A ball python is nearby!
You hit the ball python. The ball python misses you.
The ball python barely misses you.
You hit the ball python.
You kill the ball python!
The ball python closely misses you. The ball python barely misses you.
The ball python bites you but does no damage.
The ball python grabs you. The ball python constricts you.
You slash the ball python!
You kill the ball python!
Unknown command.
It was a potion of cancellation.
You feel magically purged.
Unknown command.
A rat comes into view.
A rat is nearby!
A rat is nearby!
A rat is nearby!
You slash the rat!
You kill the rat!
No target in view!
No target in view!
Found a stone staircase leading down.
Key pressed, stopping explore.
f - a scroll of teleportation You now have 114 gold pieces (gained 8).
Key pressed, stopping explore.
Found a stone staircase leading down.
g - a blue potion Terence the Incautious comes into view.
He is wielding a +1 flail of protection and carrying a wand of quicksilver (14).
Terence shouts!
Terence zaps a wand.
The bolt of dispelling energy hits you!
Ouch! That really hurt!
* * * LOW HITPOINT WARNING * * *
There is a stone staircase leading down here. 😨 HP[-15]
You take 15 damage, and now have 9/24 hp.
MASSIVE DAMAGE!! (PAUSE) Throw: 3 throwing nets
Press: ? - help, Q - select action, (/) - cycle Shift-Dir - straight line, f - Terence
Aim: Terence, wielding a +1 flail of protection, wearing a +0 scale mail and carrying a wand of quicksilver (13) (63% to hit)
You throw a throwing net. The throwing net barely misses Terence.
Unknown command.
Throw: 2 throwing nets
Press: ? - help, Q - select action, (/) - cycle Shift-Dir - straight line, f/p - Terence
Aim: Terence, wielding a +1 flail of protection, wearing a +0 scale mail and carrying a wand of quicksilver (13) (63% to hit)
You throw a throwing net. The throwing net hits Terence.
Terence is caught in the net!
Terence struggles against the net.
Unknown command.
Terence zaps a wand.
The bolt of dispelling energy hits you.
* * * LOW HITPOINT WARNING * * *
Terence struggles against the net.
You hit Terence but do no damage. 😱 HP[-4]
You take 4 damage, and now have 5/24 hp.
You hit Terence but do no damage.
Terence zaps a wand.
The bolt of dispelling energy hits you!
Ouch! That really hurt!
You die...

Skill      XL: |  1  2 |
---------------+-------+-----
Axes           | 3 |  3.1
Fighting       | 3 |  3.1
Throwing       | |  1.7
Dodging        | |  2.6

Action                   || total
-------------------------++-------
Melee: War axe           ||    40
Throw: Throwing net      ||     2
  Use: Scroll            ||     3
       Potion            ||     1
Armor: Leather armour    ||     9
Dodge: Dodged            ||    31

Levels and vault maps discovered:
D:1:      dpeg_arrival_tiny_h, layout_rooms,
          shapermc_ecumenical_altar_mp_ritualfount, corner_web_ring
D:2:      layout_basic, corexii_item_surrounded_by_moat, minmay_misc_feat_iff,
          kennysheep_generic_room_9, uniq_terence

Notes
Turn   | Place    | Note
-------+----------+-------------------------------------------
     0 | D:1      | ytrimaz the Demonspawn Gladiator began the quest for the
                  | Orb.
     0 | D:1      | Reached XP level 1. HP: 16/16 MP: 1/1
     0 | D:1      | magus.rc [v1.9.6]
   239 | D:1      | Found a faded altar of an unknown god.
   369 | D:1      | Gained mutation: You are partially covered in molten
                  | scales. (AC +2) [demonic ancestry]
   369 | D:1      | Reached XP level 2. HP: 21/23 MP: 2/2
   687 | D:2      | Reached skill level 3 in Axes
   776 | D:2      | Reached skill level 3 in Fighting
   912 | D:2      | Noticed Terence
   917 | D:2      | HP: 5/24 [Terence/bolt of dispelling energy (4)]
   919 | D:2      | Killed from afar by Terence

Vanquished Creatures
  An adder (D:2)
  A dart slug (D:1)
  2 giant cockroaches
  2 goblins
  3 hobgoblins
  2 ball pythons (D:2)
  2 frilled lizards (D:1)
  2 kobolds
  A rat (D:2)
16 creatures vanquished.

Vanquished Creatures (others)
  A fungus (D:1)
  3 plants (D:1)
4 creatures vanquished.

Grand Total: 20 creatures vanquished

Table legend:
 A = Non-vault XP
 B = Vault XP
 C = Vault XP percentage of total XP
 D = Non-vault monster count
 E = Vault monster count
 F = Vault count percentage of total count
                 A         B        C        D         E       F
            +---------+---------+-------+---------+---------+-------
      Total |      40 |       0 |   0.0 |      16 |       0 |   0.0
            +---------+---------+-------+---------+---------+-------
        D:1 |      15 |       0 |   0.0 |       8 |       0 |   0.0
        D:2 |      25 |       0 |   0.0 |       8 |       0 |   0.0
            +---------+---------+-------+---------+---------+-------

Illustrated notes

Table legend:
 A = Kills in this place as a percentage of kills in entire the game.
 B = Kills by you in this place as a percentage of kills by you in the entire game.
 C = Kills by friends in this place as a percentage of kills by friends in the entire game.
 D = Other kills in this place as a percentage of other kills in the entire game.
 E = Experience gained in this place as a percentage of experience gained in the entire game.
 F = Experience gained in this place divided by the number of levels of this place that you have seen.
                   A       B       C       D       E      F
               +-------+-------+-------+-------+-------+----------------------
         Total | 100.0 | 100.0 |   N/A |   N/A | 100.0 |  20.0
       Dungeon | 100.0 | 100.0 |   N/A |   N/A | 100.0 |  20.0
               +-------+-------+-------+-------+-------+----------------------

Table legend: (Time is in decaauts)
 A = Elapsed time spent in this place.
 B = Non-inter-level travel time spent in this place.
 C = Inter-level travel time spent in this place.
 D = Time resting spent in this place.
 E = Time spent auto-exploring this place.
 F = Levels seen in this place.
 G = Mean time per level.
                   A        B        C        D        E       F      G
               +--------+--------+--------+--------+--------+-----+--------+
         Total |    932 |    914 |     18 |      0 |    766 |   2 |  466.0 |
       Dungeon |    932 |    914 |     18 |      0 |    766 |   2 |  466.0 |
               +--------+--------+--------+--------+--------+-----+--------+

Top non-repeatable levels by time:
     D:1: 660 daAuts
     D:2: 272 daAuts
